 Dungeon Sprint DCSS version 0.10.4 character file.

95 27snakeeyes612 the Ducker (level 3, -6/18 HPs)
             Began as a Spriggan Stalker on July 13, 2022.
             Shot with an arrow by an elf (11 damage)
             ... in the Dungeon (Sprint III: "The Ten Rune Challenge").
             The game lasted 00:03:16 (639 turns).

27snakeeyes612 the Ducker (Spriggan Stalker)         Turns: 639, Time: 00:03:17

HP  -6/18        AC  3     Str  6      XL: 3   Next: 80%
MP   4/7         EV 22     Int 13      God:
Gold 40          SH  0     Dex 18      Spells:  2 memorised,  3 levels left

Res.Fire  : . . .   See Invis. : +   a - +2 dagger {=f}
Res.Cold  : . . .   Warding    : . . b - +0 robe
Life Prot.: . . .   Conserve   : .   (shield restricted)
Res.Acid. : . . .   Res.Corr.  : .   (helmet restricted)
Res.Poison: .       Clarity    : .   c - +0 cloak
Res.Elec. : .       Spirit.Shd : .   (gloves unavailable)
Sust.Abil.: . .     Stasis     : .   (boots unavailable)
Res.Mut.  : .       Ctrl.Telep.: .   (no amulet)
Res.Rott. : .       Levitation : .   (no ring)
Saprovore : . . .   Ctrl.Flight: .   (no ring)

@: very quick, slightly resistant to hostile enchantments, very stealthy
A: unfitting armour, see invisible, herbivore 3, speed 3, slow metabolism 3
a: no special abilities


You were in the Dungeon.
You were not hungry.

You visited 1 branch of the dungeon, and saw 1 of its levels.

You collected 20 gold pieces.

Inventory:

Hand weapons
 a - a +2,+2 dagger (weapon) {=f}
Armour
 b - a +0 robe (worn)
 c - a +0 cloak (worn)
Comestibles
 r - a choko
 w - a meat ration
Scrolls
 l - a scroll of blinking
 m - 5 scrolls of remove curse {unknown}
 n - a scroll of detect curse {unknown}
 p - 2 scrolls of immolation {unknown}
 q - a scroll of fog {unknown}
 u - 2 scrolls of identify {unknown}
Potions
 e - 2 potions of confusion
 f - a potion of porridge
 g - 3 potions of curing
 h - a potion of heal wounds
 i - a potion of speed
 j - 2 potions of magic
 k - a potion of berserk rage
 o - a potion of decay {unknown}
 s - 2 potions of cure mutation {unknown}
 t - a potion of strong poison {unknown}
 v - a potion of levitation {unknown}
Books
 d - a book of Stalking

   Spells                             Type                      Level
   *Fulsome Distillation              Transmutation/Necromancy     1
   Evaporate                          Fire/Transmutation           2
   *Passwall                          Transmutation/Earth          3
   Petrify                            Transmutation/Earth          4
   Dig                                Transmutation/Earth          4


   Skills:
 + Level 1.3 Fighting
 + Level 2.8 Short Blades
 + Level 6.3 Dodging
 + Level 6.1 Stealth
 + Level 6.2 Stabbing
 + Level 2.6 Spellcasting
 + Level 5.2 Transmutations
 + Level 0.4 Earth Magic


You had 3 spell levels left.
You knew the following spells:

 Your Spells              Type           Power        Failure   Level  Hunger
a - Fulsome Distillation  Trmt/Necr      N/A          10%         1    Strawberry
b - Passwall              Erth/Trmt      ##........   28%         3    Honeycomb

Dungeon Overview and Level Annotations

Branches:
Dungeon (1/1)

Altars:


Innate Abilities, Weirdness & Mutations

You are tiny and cannot use many weapons and most armour.
You have supernaturally acute eyesight.
You are a herbivore.
You cover ground extremely quickly.
You need consume almost no food.


Message History

The elf is lightly wounded.
The elf unwields an uncursed elven bow.
The elf wields an uncursed elven scimitar.
The elf hits you with an uncursed elven scimitar!
Ouch! That really hurt!
* * * LOW HITPOINT WARNING * * *
The elf unwields an uncursed elven scimitar.
The elf wields an uncursed elven bow.
The elf shoots an arrow.
The arrow misses you.
There is an open door here.
You see here an arrow.
There is an open door here.
Casting: Passwall
Confirm with . or Enter, or press ? or * to list all spells.
Which direction?
The elf shoots an arrow.
The arrow misses you.
You begin to meditate on the wall.
You continue meditating on the rock.
The elf shoots an arrow.
The arrow hits you!
Ouch! That really hurt!
You die...

##############
#<<#..#....♣♣♣
#<@#..#..%..♣♣
##'####....♣♣♣
#.....#....≈♣♣♣
#.....#...≈≈♣♣♣.
#.....#..≈≈≈≈.♣.
#####e#..≈≈≈≈≈≈.
#.)(..#.≈≈≈≈≈≈..
#.....#.≈≈≈≈≈...
#.....#.≈≈≈....e


You could see an elf.

Vanquished Creatures
  A scorpion (D)
  Jessica (D)
  A giant mite (D)
  A grey rat (D)
  An ooze (D)
5 creatures vanquished.

Vanquished Creatures (others)
  2 draconian scorchers (D)
  A fire drake (D)
  2 plants (D)
  A toadstool (D)
6 creatures vanquished.

Grand Total: 11 creatures vanquished

Notes
Turn   | Place    | Note
--------------------------------------------------------------
     0 | D        | 27snakeeyes612, the Spriggan Stalker, began the quest for the Orb.
     0 | D        | Reached XP level 1. HP: 10/10 MP: 2/2
     8 | D        | Reached skill level 4 in Dodging
    28 | D        | Noticed Jessica
    30 | D        | Reached skill level 1 in Fighting
    30 | D        | Reached skill level 5 in Dodging
    30 | D        | Reached XP level 2. HP: 8/14 MP: 5/5
    39 | D        | Killed Jessica
    39 | D        | Reached skill level 5 in Stealth
    39 | D        | Reached skill level 5 in Stabbing
    39 | D        | Reached XP level 3. HP: 2/18 MP: 7/7
   250 | D        | Learned a level 3 spell: Passwall
   360 | D        | Noticed a scorpion
   361 | D        | Killed a scorpion
   361 | D        | Reached skill level 6 in Dodging
   361 | D        | Reached skill level 5 in Transmutations
   639 | D        | Shot with an arrow by an elf
